 Dungeon Crawl Stone Soup version 0.29-a0-416-g83a48905f1 (webtiles) character file.

Game seed: 3806744517250985277

976 happo123 the Ruffian (level 7, -7/100 HPs)
             Began as a Troll Berserker on May 16, 2022.
             Was a Priest of Trog.
             Mangled by an ice beast (14 damage)
             ... on level 5 of the Dungeon.
             The game lasted 00:10:55 (3108 turns).

happo123 the Ruffian (Troll Berserker)              Turns: 3108, Time: 00:10:56

Health: -7/100     AC:  6    Str: 28    XL:     7   Next: 95%
Magic:  6/6        EV: 10    Int:  3    God:    Trog [***...]
Gold:   133        SH:  0    Dex:  9    Spells: 6/6 levels left

rFire   . . .      SeeInvis .     - Unarmed
rCold   . . .      Faith    .   (no shield)
rNeg    + . .      Spirit   .   a - +0 animal skin
rPois   .          Reflect  .   (helmet restricted)
rElec   .          Harm     .   l - +1 cloak {Will+}
rCorr   .          Rampage  .   (gloves unavailable)
Will    +++..                   (boots unavailable)
Stlth   ..........              (no amulet)
HPRegen 2.06/turn               p - ring of positive energy
MPRegen 0.10/turn               (no ring)

@: berserking, marked, strong-willed, regenerating, very quick
A: large, unfitting armour, claws 3, regeneration 1, shaggy fur 1, tough skin 1
a: Renounce Religion, Berserk, Trog's Hand


You were on level 5 of the Dungeon.
You worshipped Trog.
Trog was most pleased with you.
You visited 1 branch of the dungeon, and saw 5 of its levels.

You collected 343 gold pieces.
You spent 210 gold pieces at shops.

Inventory:

Hand Weapons
 s - a +4 quarterstaff of chaos
 t - the +8 mace of Desertification {spect, rF++ rCorr Int-5}
   (You found it on level 4 of the Dungeon)

   When its wielder attacks, the weapon's spirit leaps out and strikes again.
   The spirit shares a part of any damage it takes with its wielder.
   Int:       It affects your intelligence (-5).
   rF:        It greatly protects you from fire.
   rCorr:     It protects you from acid and corrosion.
Armour
 a - a +0 animal skin (worn)
 l - a +1 cloak of willpower (worn)
Jewellery
 p - a ring of positive energy (left claw)
Scrolls
 b - 7 scrolls of teleportation
 e - 2 scrolls of noise {unknown}
 g - a scroll of enchant weapon {unknown}
 h - 2 scrolls of identify {unknown}
 i - a scroll of magic mapping {unknown}
 j - a scroll of blinking {unknown}
 o - a scroll of summoning {unknown}
Potions
 c - 2 potions of attraction {unknown}
 d - a potion of ambrosia {unknown}
 f - 5 potions of curing
 k - a potion of degeneration {unknown}
 m - a potion of brilliance {unknown}
 n - a potion of heal wounds {unknown}
 q - a potion of might {unknown}
 r - a potion of lignification {unknown}


   Skills:
 + Level 3.3 Fighting
 + Level 4.7 Dodging
 + Level 1.1 Stealth
 + Level 7.4 Unarmed Combat


You had 6 spell levels left.
You didn't know any spells.
Your spell library was empty.

Dungeon Overview and Level Annotations

Branches:
Dungeon (5/15)
 Temple: D:4-7

Altars:
Gozag

Shops:
D:4 [


Innate Abilities, Weirdness & Mutations

You are too large for most types of armour.
You have claws for hands.
Your natural rate of healing is unusually fast.
You are covered in fur. (AC +1)
You have tough skin. (AC +1)


Message History

A bullfrog comes into view.
The bullfrog hits you.
* * * LOW HITPOINT WARNING * * *
You closely miss the bullfrog.
You hear the slow rusting of a very distant drain.
The bullfrog hits you.
* * * LOW HITPOINT WARNING * * *
You scratch the bullfrog.
The bullfrog is lightly wounded.
The bullfrog barely misses you.
An adder comes into view.
You mangle the bullfrog!!
The bullfrog is almost dead.
The bullfrog hits you but does no damage. x2
You claw the bullfrog!
You kill the bullfrog!
Trog accepts your kill.
An ice beast comes into view.
Your skin crawls.
You feel strong-willed. The adder misses you.
A phantom comes into view.
The adder barely misses you.
You miss the adder. The adder misses you.
An adder comes into view.
You fail to use your ability.
An adder comes into view.
The adder bites you but does no damage.
You closely miss the adder. The adder bites you but does no damage.
The ice beast hits you.
* * * LOW HITPOINT WARNING * * *
The ice beast freezes you!
* * * LOW HITPOINT WARNING * * *
A red film seems to cover your vision as you go berserk!
You feel yourself moving faster!
You feel mighty!
You can no longer call in reinforcements.
The adder completely misses you. The ice beast hits you.
* * * LOW HITPOINT WARNING * * *
The ice beast freezes you!
You die...

.#.# .. ..### ...
....#....
#.......Y #)....#
#.#.. # .
#S#...##..
#Y#.#..... #####
#@#....... #...#
###S#.......
#...###..YW.......
#...##..#.##......
#...#..##.##.<....
#................(
#.......<.........
#..........#.....#
#...####...##. . #


You could see 2 ice beasts, a phantom and 2 adders.

Vanquished Creatures
  The ghost of happo123 the Ruffian, a novice TrBe of Trog (D:4)
  A water moccasin (D:3)
  An ogre (D:5)
  A bullfrog (D:5)
  2 scorpions
  Crazy Yiuf (D:4)
  2 hounds
  Robin (D:4)
  5 adders
  2 ufetubi
  A worm zombie (D:4)
  A worm (D:2)
  A dart slug (D:2)
  2 orcs (D:3)
  9 endoplasms
  2 giant cockroaches (D:3)
  19 goblins
  9 hobgoblins
  4 jackals (D:3)
  12 kobolds
  3 quokkas
  3 ball pythons
  16 bats
  3 frilled lizards
  6 rats
108 creatures vanquished.

Notes
Turn   | Place    | Note
-------+----------+-------------------------------------------
     0 | D:1      | happo123 the Troll Berserker began the quest for the Orb.
     0 | D:1      | Reached XP level 1. HP: 22/22 MP: 0/0
   135 | D:1      | Reached XP level 2. HP: 26/29 MP: 1/1
   377 | D:1      | Reached ** piety under Trog
   389 | D:1      | Reached XP level 3. HP: 36/36 MP: 2/2
  1148 | D:2      | Reached skill level 4 in Unarmed Combat
  1148 | D:2      | Reached XP level 4. HP: 40/44 MP: 3/3
  1185 | D:2      | You fall into a shaft and drop 2 floors!
  1197 | D:4      | Found Iluamiwa's Antique Armour Boutique.
  1206 | D:4      | Bought a runed cloak for 210 gold pieces
  1270 | D:3      | Reached *** piety under Trog
  1271 | D:3      | Found a faded altar of an unknown god.
  1300 | D:3      | Noticed a water moccasin
  1304 | D:3      | Killed a water moccasin
  1305 | D:3      | Reached XP level 5. HP: 52/52 MP: 4/4
  1617 | D:3      | Found an opulent altar of Gozag.
  1626 | D:3      | Reached skill level 5 in Unarmed Combat
  1829 | D:3      | Reached XP level 6. HP: 61/61 MP: 5/5
  2035 | D:4      | Noticed Robin
  2047 | D:4      | Killed Robin
  2189 | D:4      | Reached **** piety under Trog
  2212 | D:4      | Found a runed translucent door.
  2217 | D:4      | Noticed happo123's ghost (novice TrBe)
  2233 | D:4      | Killed happo123's ghost
  2234 | D:4      | Reached skill level 6 in Unarmed Combat
  2234 | D:4      | Reached XP level 7. HP: 58/67 MP: 6/6
  2983 | D:4      | Found a runed translucent door.
  2984 | D:4      | Noticed Crazy Yiuf
  2991 | D:4      | Killed Crazy Yiuf
  2996 | D:4      | Identified the +8 mace of Desertification {spect, rF++
                  | rCorr Int-5}
  3048 | D:5      | Entered Level 5 of the Dungeon
  3058 | D:5      | Reached skill level 1 in Stealth
  3058 | D:5      | Reached skill level 7 in Unarmed Combat
  3108 | D:5      | Mangled by an ice beast

Illustrated notes

Levels and vault maps discovered:
D:1:      nicolae_arrival_memento_mori, layout_loops_ring, minmay_hexomino_c4
D:2:      layout_basic
D:3:      layout_basic, grunt_gozag_statues,
          hellmonk_ecumenical_altar_dog_temple
D:4:      layout_layer_cave, enter_ossuary_3, serial_shops,
          nicolae_shop_crystal, ebering_ghost_sewer_d, uniq_robin,
          uniq_crazy_yiuf_cottage
D:5:      layout_rooms, ashenzari_altar_1, gup_sewer_entry_spiral,
          gammafunk_ghost_gnarly_gnolls

Skill      XL: |  1  2  3  4  5  6  7 |
---------------+----------------------+-----
Dodging        | 3 4 |  4.7
Unarmed Combat | 4 5 6 7 |  7.4
Fighting       | 3 |  3.3
Stealth        | 1 |  1.1

Action                   |  1- 3 |  4- 6 |  7- 9 || total
-------------------------+-------+-------+-------++-------
Melee: Unarmed           |   152 |   117 |    29 ||   298
       Punch             |     4 |     1 |       ||     5
Invok: Berserk           |       |     1 |     1 ||     2
       Trog's Hand       |       |       |     1 ||     1
  Use: Scroll            |       |     1 |       ||     1
 Stab: Sleeping          |       |     2 |       ||     2
Armor: Animal skin       |   108 |    66 |     8 ||   182
Dodge: Dodged            |   129 |    80 |    11 ||   220

Table legend: (Time is in decaauts)
 A = Elapsed time spent in this place.
 B = Non-inter-level travel time spent in this place.
 C = Inter-level travel time spent in this place.
 D = Time resting spent in this place.
 E = Time spent auto-exploring this place.
 F = Levels seen in this place.
 G = Mean time per level.
                   A        B        C        D        E       F      G
               +--------+--------+--------+--------+--------+-----+--------+
         Total |   3095 |   2722 |    373 |      0 |   2059 |   5 |  619.0 |
       Dungeon |   3095 |   2722 |    373 |      0 |   2059 |   5 |  619.0 |
               +--------+--------+--------+--------+--------+-----+--------+

Top non-repeatable levels by time:
     D:4: 1204 daAuts
     D:1: 725 daAuts
     D:3: 659 daAuts
     D:2: 448 daAuts
     D:5: 57 daAuts
